AoeStats
← VZ | Thyrfing

Arabia

509974458Analyzed
1v1 RM · 3d ago on Sep 28, 2026· 48m 28s· 2 players
Game mode
Random Map
Map size
Tiny (2 player)
Population
200
Speed
Normal
Resources
Standard
Victory
Conquest
Starting age
Dark Age
Ending age
Imperial Age
RankedLock teamsTeams togetherTeam positionsShared explorationLock speedFull tech treeHidden civsTurbo modeCheats
Victory
Defeat
🇨🇱 Italians · Chile
1231
+14
🇮🇹 Italians · Italy
1189
-14
TheTrveMFakaWolfy666
6:22 Loom
8:45 Feudal Age
15:04 Fletching
24:25 Castle Age
22:37 Padded Archer Armor
22:30 Double-Bit Axe
23:07 Horse Collar
23:18 Gold Mining
25:09 Crossbowman
26:02 Bow Saw
25:49 Bodkin Arrow
27:25 Ballistics
27:22 Leather Archer Armor
34:01 Thumb Ring
34:53 Wheelbarrow
40:15 Imperial Age
38:27 Masonry
40:37 Bloodlines
40:34 Scale Barding Armor
40:40 Forging
41:28 Conscription
43:55 Bracer
44:27 Architecture
44:31 Husbandry
43:55 Light Cavalry
48:08 Elite Skirmisher
VZ | Thyrfing
6:01 Loom
9:16 Feudal Age
12:01 Double-Bit Axe
18:12 Fletching
18:11 Horse Collar
19:14 Padded Archer Armor
24:45 Castle Age
23:22 Gold Mining
25:02 Wheelbarrow
25:00 Crossbowman
25:43 Bodkin Arrow
26:04 Leather Archer Armor
27:23 Thumb Ring
29:14 Ballistics
31:56 Bow Saw
32:27 Heavy Plow
35:08 Hand Cart
43:45 Imperial Age
42:59 Stone Mining
44:39 Town Watch
45:01 Arbalester
45:49 Bracer
46:19 Ring Archer Armor
46:52 Chemistry
46:42 Stone Shaft Mining
Connection lost

Rejoining the realm…

Still unreachable

The connection could not be restored.

Session expired

The server has moved on; the page needs a fresh start.